 Dungeon Crawl Stone Soup version 0.29.0-4-gdea44cf6ec (webtiles) character file.

Game seed: 14012374047649128381

65 qw the Sneak (level 4, -3/28 HPs)
             Began as a Gargoyle Delver on Sept 10, 2022.
             Killed by nerve-wracking pain
             ... invoked by Jessica
              (4 damage)
             ... on level 2 of the Dungeon.
             The game lasted 00:00:12 (396 turns).

qw the Sneak (Gargoyle Delver)                       Turns: 396, Time: 00:00:13

Health: -3/28      AC:  6    Str: 17    XL:     4   Next: 13%
Magic:  4/4        EV: 11    Int: 11    God:
Gold:   10         SH:  0    Dex: 11    Spells: 3/3 levels left

rFire   . . .      SeeInvis .   a - +0 hand axe
rCold   . . .      Faith    .   (no shield)
rNeg    + . .      Spirit   .   b - +0 leather armour
rPois   inf        Reflect  .   (no helmet)
rElec   +          Harm     .   (no cloak)
rCorr   .          Rampage  .   (no gloves)
Will    .....                   (no boots)
Stlth   +++.......              (no amulet)
HPRegen 0.09/turn               (no ring)
MPRegen 0.09/turn               (no ring)

@: no status effects
A: sickness immunity, AC +3, negative energy resistance 1, electricity
resistance, torment resistance 1, petrification resistance
a: no special abilities


You were on level 2 of the Dungeon.
You visited 1 branch of the dungeon, and saw 4 of its levels.

You collected 10 gold pieces.


Innate Abilities, Weirdness & Mutations

You are immune to sickness and miasma.
Your stone body is resilient. (AC +3)
You are immune to poison.
You resist negative energy. (rN+)
You are resistant to electric shocks. (rElec)
You are resistant to unholy torment.
You are immune to petrification.


   Skills:
 - Level 3.2 Fighting
 + Level 3.9 Axes
 - Level 1.5 Dodging
 - Level 5.4 Stealth


You had 3 spell levels left.
You didn't know any spells.
Your spell library was empty.

Inventory:

Hand Weapons
 a - a +0 hand axe (weapon)
Armour
 b - a +0 leather armour (worn)
 c - a +0 ring mail
Wands
 g - a wand of digging (3)
Potions
 f - a potion of haste

Dungeon Overview and Level Annotations

Branches:
Dungeon (5/15)
 Temple: D:4-7

Altars:

Annotations:
D:2 Jessica


Message History

The dart slug is severely wounded.
The dart slug launches a dart at you.
The slug dart hits you but does no damage.
You hit the dart slug.
You kill the dart slug!
c - a +0 ring mail Jessica the Apprentice Sorceress comes into view.
She is wielding a +0 dagger.
Jessica shouts!
Jessica gestures wildly while chanting.
Jessica blinks!
Jessica moves out of view.
A scorpion comes into view.
The scorpion stings you but does no damage.
You hit the scorpion but do no damage. The scorpion barely misses you.
You hit the scorpion but do no damage. The scorpion stings you.
You hit the scorpion.
The scorpion is lightly wounded.
You hit Jessica but do no damage. The scorpion stings you.
Jessica casts a spell at you. You resist with some effort.
The scorpion stings you but does no damage.
You hit the scorpion.
The scorpion is heavily wounded.
You hit Jessica but do no damage. Jessica hits you with a +0 dagger.
The scorpion stings you.
You hit the scorpion.
The scorpion is severely wounded.
You barely miss Jessica. Jessica barely misses you.
The scorpion closely misses you.
You hit the scorpion but do no damage.
The scorpion is severely wounded.
You hit Jessica but do no damage. The scorpion stings you.
Jessica casts a spell at you. Pain shoots through your body!
Jessica points at you and mumbles some strange words.
Pain shoots through your body!
You die...

#....#
#.###.#.##
######....#
#..##.#.#
#.........#
##%.....#
#..####...##
###%>###
##..# ####
#..# #..#
##..# #@..#
#...s@..#
##..##$.#
### ..## .##
#


You could see a scorpion and Jessica.

Vanquished Creatures
  A scorpion (D:4)
  A dart slug (D:2)
  A hobgoblin (D:2)
  2 ball pythons (D:2)
  2 frilled lizards (D:2)
7 creatures vanquished.

Vanquished Creatures (others)
  5 plants (D:4)
5 creatures vanquished.

Grand Total: 12 creatures vanquished

Notes
Turn   | Place    | Note
-------+----------+-------------------------------------------
     0 | D:5      | qw the Gargoyle Delver began the quest for the Orb.
     0 | D:5      | Reached XP level 1. HP: 14/14 MP: 1/1
     0 | D:5      | 0 ||| qw: Version: 0.1-a-116-g5d60599
     0 | D:5      | 0 ||| qw: Game counter: 9095
     0 | D:5      | 0 ||| qw: Always use a shield: true
     0 | D:5      | 0 ||| qw: God list: Okawaru
     0 | D:5      | 0 ||| qw: Allow faded altars: false
     0 | D:5      | 0 ||| qw: Do Orc after D:15 true
     0 | D:5      | 0 ||| qw: Do second Lair branch before Depths: true
     0 | D:5      | 0 ||| qw: Lair rune preference: random
     0 | D:5      | 0 ||| qw: Plans: Normal
     0 | D:5      | 0 ||| PLANNING D:1-11
    12 | D:5      | 12 ||| DROPPING scroll of fog.
    13 | D:5      | 13 ||| DROPPING scroll of magic mapping.
    14 | D:5      | 14 ||| DROPPING scroll of fear.
    22 | D:4      | Noticed a scorpion
    43 | D:4      | Killed a scorpion
    44 | D:4      | Reached skill level 3 in Axes
    44 | D:4      | Reached XP level 2. HP: 14/19 MP: 2/2
    44 | D:4      | Reached XP level 3. HP: 17/23 MP: 3/3
    44 | D:4      | Reached XP level 4. HP: 21/28 MP: 4/4
    96 | D:4      | 96 ||| Stepping ~*~*~tactically~*~*~ (stealth).
    97 | D:4      | 97 ||| Stepping ~*~*~tactically~*~*~ (stealth).
    98 | D:4      | 98 ||| Stepping ~*~*~tactically~*~*~ (stealth).
   100 | D:4      | 100 ||| Stepping ~*~*~tactically~*~*~ (stealth).
   102 | D:4      | 102 ||| Stepping ~*~*~tactically~*~*~ (stealth).
   105 | D:4      | 105 ||| Stepping ~*~*~tactically~*~*~ (stealth).
   106 | D:4      | 106 ||| Stepping ~*~*~tactically~*~*~ (stealth).
   107 | D:4      | 107 ||| Stepping ~*~*~tactically~*~*~ (stealth).
   108 | D:4      | 108 ||| Stepping ~*~*~tactically~*~*~ (stealth).
   109 | D:4      | 109 ||| Stepping ~*~*~tactically~*~*~ (stealth).
   110 | D:4      | 110 ||| Stepping ~*~*~tactically~*~*~ (stealth).
   349 | D:2      | 349 ||| Stepping ~*~*~tactically~*~*~ (stealth).
   351 | D:2      | 351 ||| Stepping ~*~*~tactically~*~*~ (stealth).
   352 | D:2      | 352 ||| Stepping ~*~*~tactically~*~*~ (stealth).
   356 | D:2      | 356 ||| Stepping ~*~*~tactically~*~*~ (stealth).
   361 | D:2      | 361 ||| Stepping ~*~*~tactically~*~*~ (stealth).
   363 | D:2      | 363 ||| Stepping ~*~*~tactically~*~*~ (stealth).
   367 | D:2      | 367 ||| Stepping ~*~*~tactically~*~*~ (stealth).
   369 | D:2      | 369 ||| Stepping ~*~*~tactically~*~*~ (stealth).
   371 | D:2      | 371 ||| Stepping ~*~*~tactically~*~*~ (stealth).
   373 | D:2      | 373 ||| Stepping ~*~*~tactically~*~*~ (stealth).
   386 | D:2      | Noticed Jessica
   389 | D:2      | Noticed a scorpion
   396 | D:2      | HP: 1/28 [Jessica/nerve-wracking pain (7)]
   396 | D:2      | Killed from afar by Jessica

Levels and vault maps discovered:
D:2:      layout_basic, serial_shops, nicolae_lakefront_shop,
          minmay_close_crescents, uniq_jessica
D:3:      layout_rooms, hangedman_ru_absence, mainiacjoe_overflow_brackets,
          saegor_snake_ambush, uniq_grinder
D:4:      layout_basic, serial_bayou, serial_bayou_shore_b,
          serial_bayou_lagoon_a, serial_bayou_shore_b, serial_bayou_crossing,
          uniq_pikel
D:5:      layout_loops_corners, general_overflow_altar, kennysheep_little_box,
          lemuel_blue_sif_altar, minitemple, ebering_ghost_inner_flame,
          minmay_misc_feat_square, nicolae_shop_sticking_my_neck_out,
          uniq_crazy_yiuf_cottage

Skill      XL: |  1 |
---------------+----+-----
Axes           | 3 |  3.9
Fighting       | |  3.2
Dodging        | |  1.5
Stealth        | |  5.4

Action                   |  1- 3 |  4- 6 || total
-------------------------+-------+-------++-------
Melee: Hand axe          |     5 |    28 ||    33
 Stab: Sleeping          |     1 |       ||     1
Armor: Leather armour    |       |    16 ||    16
Dodge: Dodged            |     4 |     8 ||    12

Table legend:
 A = Non-vault XP
 B = Vault XP
 C = Vault XP percentage of total XP
 D = Non-vault monster count
 E = Vault monster count
 F = Vault count percentage of total count
                 A         B        C        D         E       F
            +---------+---------+-------+---------+---------+-------
      Total |      88 |       5 |   5.4 |       5 |       2 |  28.6
            +---------+---------+-------+---------+---------+-------
        D:2 |       5 |       5 |  50.0 |       4 |       2 |  33.3
        D:4 |      83 |       0 |   0.0 |       1 |       0 |   0.0
            +---------+---------+-------+---------+---------+-------
